AoeStats
← 旦旦ovo

African Clearing

504230622Analyzed
4v4 RM · 29d ago on Sep 4, 2026· 59m 17s· 8 players
Game mode
Random Map
Map size
Large (8 player)
Population
200
Speed
Normal
Resources
Standard
Victory
Conquest
Starting age
Dark Age
Ending age
Imperial Age
RankedLock teamsTeams togetherTeam positionsShared explorationLock speedFull tech treeHidden civsTurbo modeCheats
Victory
Defeat
🇹🇷 Huns · Türkiye
1157
+11
🇺🇸 Khmer · United States
1139
+12
🇨🇱 Hindustanis · Chile
1092
+14
🇬🇧 Tatars · United Kingdom
1059
+15
🇨🇳 Mongols · China
1091
-32
🇨🇳 Persians · China
1079
-33
🇨🇳 Poles · China
1000
-36
🇨🇳 Vietnamese · China
1000
-36
BigOleChunguss
5:53 Loom
15:52 Feudal Age
20:03 Castle Age
18:22 Double-Bit Axe
19:06 Gold Mining
20:25 Bloodlines
20:23 Scale Barding Armor
26:55 Chain Barding Armor
27:26 Forging
28:44 Husbandry
31:44 Iron Casting
36:26 Imperial Age
37:02 Wheelbarrow
36:42 Elite Battle Elephant
38:40 Plate Barding Armor
41:12 Fletching
42:25 Bodkin Arrow
44:50 Pikeman
45:36 Scale Mail Armor
47:58 Chemistry
47:05 Halberdier
49:10 Chain Mail Armor
49:55 Blast Furnace
54:50 Bow Saw
55:52 Hand Cart
57:16 Bracer
Sirsoberbio
4:12 Loom
13:17 Feudal Age
14:35 Double-Bit Axe
21:20 Horse Collar
27:42 Castle Age
34:20 Bloodlines
34:11 Husbandry
36:28 Squires
39:54 Bow Saw
45:08 Heavy Plow
50:32 Imperial Age
48:25 Scale Barding Armor
48:30 Forging
49:14 Wheelbarrow
48:25 Town Watch
49:31 Chain Barding Armor
50:45 Iron Casting
51:39 Conscription
50:41 Heavy Camel Rider
52:00 Gold Mining
54:30 Caravan
57:22 Gold Shaft Mining
56:38 Imperial Camel Rider
58:26 Hand Cart
BetrayedSnail57
5:58 Loom
16:44 Feudal Age
18:39 Wheelbarrow
17:53 Double-Bit Axe
18:00 Gold Mining
21:42 Castle Age
36:05 Bow Saw
38:43 Horse Collar
41:31 Bloodlines
41:22 Husbandry
41:17 Fletching
41:42 Silk Armor
42:46 Bodkin Arrow
42:52 Padded Archer Armor
42:58 Scale Barding Armor
47:21 Imperial Age
44:56 Heavy Plow
47:08 Leather Archer Armor
47:14 Chain Barding Armor
48:04 Forging
48:09 Heavy Cavalry Archer
49:11 Ballistics
50:19 Chemistry
49:24 Bracer
50:42 Ring Archer Armor
50:48 Plate Barding Armor
Ancient
10:25 Loom
14:51 Feudal Age
21:30 Castle Age
23:08 Scale Mail Armor
23:20 Forging
39:46 Scale Barding Armor
40:11 Horse Collar
41:14 Double-Bit Axe
52:40 Bloodlines
52:30 Husbandry
56:41 Fletching
56:51 Padded Archer Armor
58:55 Bow Saw
旦旦ovo
12:50 Feudal Age
11:09 Loom
13:09 Feudal Age
14:39 Town Watch
17:24 Castle Age
15:13 Double-Bit Axe
16:52 Horse Collar
20:34 Bow Saw
25:47 Heavy Plow
29:27 Fletching
29:43 Scale Barding Armor
34:44 Chain Barding Armor
39:52 Wheelbarrow
43:34 Imperial Age
43:45 Hand Cart
43:37 Elite War Elephant
43:47 Elite War Elephant
44:48 Conscription
45:12 Gold Mining
45:13 Stone Mining
49:17 Plate Barding Armor
48:53 Forging
48:38 Bodkin Arrow
49:49 Two-Man Saw
49:54 Chemistry
49:14 Ballistics
49:26 Crop Rotation
49:53 Forging
49:39 Bodkin Arrow
51:10 Iron Casting
54:19 Blast Furnace
53:21 Padded Archer Armor
56:51 Guilds
zsdk
9:51 Loom
13:27 Feudal Age
14:57 Double-Bit Axe
18:28 Bloodlines
18:35 Bloodlines
49:55 Horse Collar
52:41 Castle Age
53:55 Husbandry
53:16 Light Cavalry
56:50 Forging
萌萌哒的猫饼
13:08 Feudal Age
14:28 Loom
16:41 Fletching
17:36 Stone Mining
22:39 Wheelbarrow
34:04 Double-Bit Axe
34:54 Horse Collar
42:33 Castle Age
43:38 Bow Saw
43:31 Heavy Plow
49:30 Imperial Age
50:40 Hand Cart
51:37 Conscription
50:41 Elite Mangudai
51:58 Bodkin Arrow
52:04 Padded Archer Armor
53:27 Parthian Tactics
53:15 Thumb Ring
54:34 Ballistics
55:15 Chemistry
55:09 Bracer
57:00 Leather Archer Armor
57:59 Scale Barding Armor
58:37 Town Watch
kimi没子弹了
11:56 Loom
14:13 Feudal Age
17:50 Wheelbarrow
17:12 Double-Bit Axe
17:22 Stone Mining
22:07 Castle Age
22:32 Wheelbarrow
32:46 Bow Saw
32:22 Horse Collar
48:45 Imperial Age
54:10 Imperial Age
53:14 Pikeman
53:54 Squires
Connection lost

Rejoining the realm…

Still unreachable

The connection could not be restored.

Session expired

The server has moved on; the page needs a fresh start.